 Dungeon Crawl Stone Soup version 0.20.1-1-g8b1a95d (webtiles) character file.

34 Folque the Magician (level 3, -1/25 HPs)
             Began as an Octopode Wizard on Nov 10, 2017.
             Slain by a hobgoblin (5 damage)
             ... on level 2 of the Dungeon.
             The game lasted 00:04:53 (1024 turns).

Folque the Magician (Octopode Wizard)               Turns: 1024, Time: 00:04:53

Health: -1/25      AC:  1    Str:  6    XL:     3   Next: 31%
Magic:  0/7        EV: 13    Int: 21    God:
Gold:   36         SH:  0    Dex: 10    Spells: 0/8 levels left

rFire    . . .     SeeInvis .   h - +0 short sword
rCold    . . .     Gourm    .   (no shield)
rNeg     . . .     Faith    .   a - +0 hat
rPois    .         Spirit   .   (no amulet)
rElec    .         Reflect  .   (no ring)
rCorr    .         Harm     .   (no ring)
MR       .....                  (no ring)
Stlth    +++.......             (no ring)
Regen    0.1/turn               (no ring)
MPRegen  0.1/turn               (no ring)
                                (no ring)
                                (no ring)

@: no status effects
A: almost no armour, stealthy swim, amphibious, 8 rings, constrict 8, camouflage
1, gelatinous body 1
a: no special abilities


You were on level 2 of the Dungeon.
You were hungry.

You visited 1 branch of the dungeon, and saw 2 of its levels.

You collected 36 gold pieces.

Inventory:

Hand Weapons
 d - a cursed -2 dagger
 e - a +0 dagger
 h - a +0 short sword (weapon)
Armour
 a - a +0 hat (worn)
Scrolls
 k - a scroll of identify
 l - a scroll of blinking {unknown}
 n - 2 scrolls of random uselessness {unknown}
Potions
 m - a potion of heal wounds
Books
 b - a book of Minor Magic

   Spells                             Type                      Level
   a - Magic Dart                     Conjuration                  1
   b - Blink                          Translocation                2
   c - Call Imp                       Summoning                    2
   d - Slow                           Hexes                        2
   e - Conjure Flame                  Conjuration/Fire             3
   f - Mephitic Cloud                 Conjuration/Poison/Air       3
Comestibles
 c - 2 bread rations
 f - 3 fruits
 j - a chunk of flesh
 o - 2 meat rations


   Skills:
 - Level 2.6 Fighting
 - Level 2.0 Dodging
 - Level 2.6 Stealth
 + Level 3.1 Spellcasting
 + Level 1.0 Conjurations
 - Level 1.0 Summonings
 - Level 1.0 Translocations
 * Level 0.0 Poison Magic


You couldn't memorise any spells.
You knew the following spells:

 Your Spells              Type           Power        Failure   Level  Hunger
a - Magic Dart            Conj           #...         9%          1    None
b - Call Imp              Summ           #.......     13%         2    ##.....
c - Blink                 Tloc           N/A          13%         2    ##.....
d - Mephitic Cloud        Conj/Pois/Air  #.......     34%         3    ###....


Dungeon Overview and Level Annotations

Branches:
Dungeon (2/15)

Altars:

Annotations:
D:2 Natasha


Innate Abilities, Weirdness & Mutations

You cannot wear most types of armour.
You are very stealthy in the water. (Stealth+)
You are amphibious.
You can wear up to eight rings at the same time.
You can use your tentacles to constrict eight enemies at once.
Your skin changes colour to match your surroundings (Stealth+).
Your rubbery body absorbs attacks. (AC +1, EV +1)


Message History

You constrict the hobgoblin. The hobgoblin hits you.
* * * LOW HITPOINT WARNING * * *
Casting: Blink
Confirm with . or Enter, or press ? or * to list all spells.
Aiming: Magic Dart
Press: ? - help, Shift-Dir - straight line, f - hobgoblin
Aim: a hobgoblin (moderately wounded, constricted by you)
The magic dart hits the hobgoblin.
The hobgoblin is moderately wounded.
You constrict the hobgoblin, but do no damage.
The hobgoblin completely misses you.
Casting: Magic Dart
Confirm with . or Enter, or press ? or * to list all spells.
Aiming: Magic Dart
Press: ? - help, Shift-Dir - straight line, f/p - hobgoblin
Aim: a hobgoblin (moderately wounded, constricted by you)
The magic dart hits the hobgoblin.
The hobgoblin is moderately wounded.
You constrict the hobgoblin. The hobgoblin hits you.
You die...

#...g....K.... ##
#.
#.....#.###....
.. .. ##....#
..... .##. #..#.#
#.#.# ...
###..#>#####.#.#
#..
..............#.#
######..
##...>.#####..#.#
......[5
#.#....####.g#.#
######..
#.#..#.......@.#
#.# #
##...####..###
#.# ## #...
.##.#######.#
##...
.....lh5..ยง.#
####
###.#########


You could see a hobgoblin.

Vanquished Creatures
  An adder (D:2)
  A dart slug (D:1)
  2 bats (D:1)
  3 giant cockroaches (D:1)
  4 goblins
  2 hobgoblins (D:1)
  A frilled lizard (D:1)
  4 kobolds (D:1)
  3 rats (D:1)
21 creatures vanquished.

Notes
Turn   | Place    | Note
-------+----------+-------------------------------------------
     0 | D:1      | Folque the Octopode Wizard began the quest for the Orb.
     0 | D:1      | Reached XP level 1. HP: 11/11 MP: 4/4
    33 | D:1      | Reached skill level 1 in Fighting
   279 | D:1      | Reached XP level 2. HP: 18/18 MP: 4/6
   421 | D:1      | Learned a level 2 spell: Call Imp
   424 | D:1      | Learned a level 2 spell: Blink
   952 | D:2      | Reached XP level 3. HP: 25/25 MP: 1/7
   957 | D:2      | Learned a level 3 spell: Mephitic Cloud
   968 | D:2      | Noticed Natasha
  1024 | D:2      | Slain by a hobgoblin

Skill      XL: |  1  2 |
---------------+-------+-----
Fighting       | 1 2 |  2.6
Dodging        | |  2.0
Stealth        | |  2.6
Spellcasting   | |  3.1
Conjurations   | |  1.0
Summonings     | |  1.0
Translocations | |  1.0

Action                   || total
-------------------------++-------
Melee: Unarmed           ||    10
       Constrict         ||    13
       Short sword       ||    40
       Tentacles         ||     5
 Cast: Magic Dart        ||    14
       Call Imp          ||     4
       Blink             ||     1
  Use: Scroll            ||     4
 Stab: Distracted        ||     1
       Sleeping          ||     1
Armor: Skin              ||     7
Dodge: Dodged            ||    40
